 Dungeon Crawl Stone Soup version 0.29.0-11-gd7f09526c8 (webtiles) character file.

Game seed: 3857466027069817256

12831 sentinel the Cleaver (level 12, -8/97 HPs)
             Began as a Meteoran Venom Mage on Sept 2, 2022.
             Was an Elder of Cheibriados.
             Mangled by a polar bear (15 damage)
             ... on level 5 of the Lair of Beasts.
             The game lasted 00:43:17 (1653 turns).

sentinel the Cleaver (Meteoran Venom Mage)          Turns: 1653, Time: 00:43:17

Health: -8/97      AC:  1    Str: 21    XL:     12   Next: 55%
Magic:  2/20       EV: 16    Int: 36    God:    Cheibriados [****..]
Gold:   0          SH:  0    Dex: 24    Spells: 5/21 levels left

rFire   . . .      SeeInvis .   l - +6 war axe of the Flying Wasp {elec, Contam rN+ Int+4}
rCold   . . .      Faith    +   (no shield)
rNeg    + . .      Spirit   .   a - +0 robe
rPois   .          Reflect  .   u - +1 helmet {Int+3}
rElec   .          Harm     .   j - +1 cloak
rCorr   .          Rampage  .   (no gloves)
Will    +....                   k - +2 pair of boots
Stlth   +.........              h - amulet of faith
HPRegen 0.26/turn               d - ring of wizardry
MPRegen 0.17/turn               (no ring)

@: corroded, glowing, very slow
A: sense surroundings 2, otherworldly, glowing, explore regen
a: Renounce Religion, Bend Time, Temporal Distortion, Slouch


You were on level 5 of the Lair of Beasts.
You worshipped Cheibriados.
Cheibriados was greatly pleased with you.
You visited 2 branches of the dungeon, and saw 16 of its levels.

Inventory:

Hand Weapons
 f - a +2 dagger of draining
 l - the +6 war axe of the Flying Wasp (weapon) {elec, Contam rN+ Int+4}
   (You found it on level 5 of the Dungeon)

   It occasionally discharges a powerful burst of electricity upon striking a
   foe.
   Int:       It affects your intelligence (+4).
   rN:        It protects you from negative energy.
   Contam:    It causes magical contamination when unequipped.
 o - a +4 vampiric spear
 p - a +0 mace of protection
Armour
 a - a +0 robe (worn)
 j - a +1 cloak (worn)
 k - a +2 pair of boots (worn)
 n - a +2 helmet
 u - a +1 helmet of intelligence (worn)
Jewellery
 d - a ring of wizardry (left hand)
 h - an amulet of faith (around neck)
 t - a ring of positive energy
Wands
 D - a wand of digging (5)
 V - a wand of flame (16)
Scrolls
 b - 2 scrolls of teleportation {unknown}
 c - a scroll of poison
 e - a scroll of amnesia {unknown}
 i - a scroll of noise {unknown}
Potions
 g - a potion of cancellation {unknown}
 m - a potion of flight {unknown}
 q - a potion of curing
 r - a potion of brilliance {unknown}


   Skills:
 - Level 6.4 Fighting
 - Level 0.1 Short Blades
 - Level 12.3 Axes
 - Level 4.9 Dodging
 - Level 1.4 Stealth
 - Level 5.0 Spellcasting
 + Level 9.5 Conjurations
 - Level 3.0 Hexes
 * Level 7.0 Summonings
 - Level 1.2 Transmutations
 - Level 6.2 Fire Magic
 - Level 7.5 Poison Magic
 + Level 4.8 Invocations
 - Level 3.0 Evocations


You had 5 spell levels left.
You knew the following spells:

 Your Spells              Type           Power      Damage    Failure   Level
a - Sting                 Tmut/Pois      100%       1d8       1%          1
b - Summon Guardian Gole  Hex/Summ       45%        N/A       1%          3
c - Flame Wave            Conj/Fire      60%        2d14      1%          4
d - Foxfire               Conj/Fire      100%       2x1d9     1%          1
m - Mephitic Cloud        Conj/Pois/Air  50%        N/A       1%          3
t - Olgreb's Toxic Radia  Pois           59%        N/A       1%          4

Your spell library contained the following spells:

 Spells                   Type           Power      Damage    Failure   Level
 Poisonous Vapours        Pois/Air       72%        N/A       1%          2
 Conjure Flame            Conj/Fire      60%        6-21      1%          3
 Inner Flame              Hex/Fire       42%        N/A       1%          3
 Orb of Destruction       Conj           33%        9d10      26%         7
 Spellforged Servitor     Conj/Summ      31%        N/A       38%         7


Dungeon Overview and Level Annotations

Branches:
Dungeon (11/15) Zot: 8031    Lair (5/5) D:11 Zot: 4161   Slime (0/5) Lair:4
 Temple: D:4-7        Swamp: Lair:2-3    Shoals: Lair:2-3     Snake: Lair:2-3
 Spider: Lair:2-3       Orc: D:9-12

Altars:
Cheibriados
Okawaru
Qazlal
Ru
Trog
Uskayaw

Annotations:
D:4 6 exclusions
D:11 exclusion: 2 oklob plants
Lair:2 1 transporter


Innate Abilities, Weirdness & Mutations

You passively map the area around you.
You are easily found by Zot.
You glow in the dark.
You regain HP and MP as you explore.


Message History

The elephant trunk-slaps you but does no damage.
The boulder beetle curls into a ball and begins rolling!
The water moccasin attacks as you move away!
The water moccasin bites you!
The water moccasin attacks as you move away!
The water moccasin closely misses you.
You feel sick.
The water moccasin misses you. x2; The elephant tramples you!!
* * * LOW HITPOINT WARNING * * *
You stumble backwards!
The water moccasin closely misses you.
Okay, then.
Okay, then.
You warp the flow of time around you!
An elephant comes into view.
Okay, then.
Okay, then.
Okay, then.
Okay, then.
Okay, then.
Blink to where?
Press: ? - help, Dir - move target A wyvern and 3 blink frogs come into view.
Found a shiny bone wand and 21 gold pieces.
As you read the scroll of blinking, it crumbles to dust.
You feel sick.
The wyvern hisses angrily.
The elephant trumpets!
The blink frog gives a loud, deep croak!
The water moccasin hisses angrily.
You hear an angry growl.
You hear a howl!
A blink frog comes into view.
Casting: Olgreb's Toxic Radiance (mildly dangerous; 1% risk of failure)
Confirm with . or Enter, or press ? or * to list all spells.
You begin to radiate toxic energy.
The wyvern is poisoned.
The elephant is poisoned. x2
The blink frog croaks.
The blink frog is poisoned. x2
The blink frog croaks.
The blink frog is poisoned.
The blink frog gives a loud, deep croak!
The blink frog is poisoned.
The wyvern looks even sicker.
The elephant looks even sicker.
The blink frog looks even sicker. x2
You feel sick.
Okay, then.
Okay, then.
Activating: Slouch (26% risk of failure)
Press: ? - help, Dir - look around, f - activate You can feel time thicken for a moment.
You kill the blink frog!
Cheibriados appreciates the change of pace.
You kill the blink frog!
Cheibriados thoroughly appreciates the change of pace.
You kill the blink frog!
Cheibriados appreciates the change of pace.
You kill the water moccasin!
Cheibriados thoroughly appreciates the change of pace.
You kill the blink frog!
Cheibriados thoroughly appreciates the change of pace.
You kill the water moccasin!
Cheibriados thoroughly appreciates the change of pace.
You kill the wyvern!
Cheibriados thoroughly appreciates the change of pace.
You can no longer inflict damage on those overly hasty.
Cheibriados lowers the support of your attributes as your movement quickens.
The elephant looks even sicker.
Your toxic aura wanes.
You feel sick.
A wolf comes into view. x2; A polar bear comes into view.
Your Summonings skill increases to level 6!
Casting: Olgreb's Toxic Radiance (mildly dangerous; 1% risk of failure)
Confirm with . or Enter, or press ? or * to list all spells.
Okay, then.
Throw: 4 darts (curare)
Press: ? - help, Q - select action, (/) - cycle Shift-Dir - straight line, f - elephant
Aim: an elephant (moderately wounded, poisoned, 91% to hit)
You throw a curare-tipped dart.
The curare-tipped dart hits the elephant.
The elephant looks even sicker.
The elephant convulses.
The elephant seems to slow down.
The elephant is heavily wounded.
You feel sick.
A blink frog comes into view.
A wolf comes into view. x2
Casting: Olgreb's Toxic Radiance (mildly dangerous; 1% risk of failure)
Confirm with . or Enter, or press ? or * to list all spells.
You begin to radiate toxic energy.
The polar bear is poisoned.
The wolf howls!
The wolf is poisoned. x4
The blink frog gives a loud, deep croak!
The blink frog is poisoned.
The elephant looks as sick as possible!
The wolf looks even sicker. x3; You feel sick.
Throw: 3 darts (curare)
Press: ? - help, Q - select action, (/) - cycle Shift-Dir - straight line, f - elephant, p - elephant
Aim: an elephant (almost dead, very poisoned, 91% to hit)
You throw a curare-tipped dart.
The curare-tipped dart hits the elephant.
The elephant looks as sick as possible!
The elephant convulses.
The elephant seems to slow down.
The elephant is almost dead.
The elephant looks as sick as possible!
You kill the elephant!
Cheibriados appreciates the change of pace.
The wolf looks even sicker. x3; The blink frog looks even sicker.
Your toxic aura wanes.
A wolf comes into view.
The blink frog blinks!
Throw: 2 darts (curare)
Press: ? - help, Q - select action, (/) - cycle Shift-Dir - straight line You throw a curare-tipped dart.
The curare-tipped dart hits the wolf.
The wolf looks as sick as possible!
The wolf convulses.
The wolf seems to slow down.
The wolf is severely wounded.
The wolf howls!
You feel sick. The wolf bites you but does no damage.
You slash the wolf!
You kill the wolf!
Cheibriados thoroughly appreciates the change of pace.
You can now inflict damage on those overly hasty.
Cheibriados raises the support of your attributes as your movement slows.
You hit the elephant. You hit the wolf but do no damage. You slash the fungus!
The fungus begins to die.
You hit the wolf but do no damage. Lightning courses through the wolf!
You kill the wolf!
Cheibriados thoroughly appreciates the change of pace.
The wolf completely misses you. The elephant closely misses you.
The elephant trunk-slaps you.
Your Summonings skill increases to level 7!
Throw: dart (curare)
Press: ? - help, Q - select action, (/) - cycle Shift-Dir - straight line, f - polar bear
Aim: a polar bear (lightly wounded, poisoned, 73% to hit)
You throw a curare-tipped dart.
The curare-tipped dart hits the polar bear.
The polar bear looks even sicker.
The polar bear convulses.
The polar bear seems to slow down.
The polar bear is moderately wounded.
You feel sick. The wolf closely misses you. The wolf bites you!
The wolf bites you.
* * * LOW HITPOINT WARNING * * *
The wolf closely misses you.
You slash the wolf! Lightning courses through the wolf!
You kill the wolf!
Cheibriados thoroughly appreciates the change of pace.
You hit the polar bear but do no damage.
You hit the fungus. You completely miss the wolf. You hit the wolf.
You hit the elephant but do no damage.
You feel sick.
You are no longer poisoned.
The wolf barely misses you. The wolf bites you.
* * * LOW HITPOINT WARNING * * *
The elephant tramples you!!
* * * LOW HITPOINT WARNING * * *
You hold your ground!
The elephant trunk-slaps you.
* * * LOW HITPOINT WARNING * * *
The wolf misses you. The polar bear bites you!
You die...

* ~~ ~ ~
#~~#~~.#..#...$~~~ ,
.~.~....#.P.... , ,
.........P../.. ,, * , ,,
...†..........., ,
≈≈................,. , ,
, , ≈≈......(..(P... F..
, , , ~
#≈..........hP#.†..P ,
~≈≈.....##..Y@h......
Y≈§≈≈≈§.......(.†h....†.
, , ,
...§.§................†.
,
.}...........#..........,
, ,,
.....B..................
* * ,
......°°................
** ,
...(....P......P......P.
, ,
................#.....##
* , ,
.................... ,,*
*


You could see an elephant (very poisoned, slow), a polar bear (very poisoned,
slow), a blink frog (very poisoned) and 2 wolves.

Vanquished Creatures
  A hydra (Lair:4)
  A two-headed ogre (D:10)
  Sonja (Lair:4)
  A cyclops (D:9)
  2 elephants (Lair:5)
  A black mamba (Lair:1)
  Joseph (D:8)
  2 cane toads
  An unseen horror (D:7)
  A rime drake (Lair:4)
  A hornet (D:9)
  10 blink frogs
  9 yaks
  2 wyverns
  Eustachio (D:6)
  A basilisk (Lair:1)
  2 steam dragons
  5 water moccasins
  An ice beast (D:7)
  14 wolves
  An ogre (D:6)
  2 centaurs
  A phantom (D:5)
  A kobold brigand (D:9)
  A necrophage (D:6)
  6 bullfrogs
  A gnoll sergeant (D:9)
  A scorpion (D:6)
  5 killer bees (D:9)
  4 howler monkeys (D:9)
  4 jellies
  A hound (D:6)
  Terence (D:3)
  2 orc wizards
  Robin (D:4)
  4 gnolls (D:9)
  An ufetubus (D:6)
  2 dart slugs (D:4)
  2 worms
  11 orcs
  3 endoplasms
  7 goblins (D:4)
  5 hobgoblins
  2 quokkas
  3 ball pythons
  A frilled lizard (D:3)
  4 kobolds (D:9)
135 creatures vanquished.

Vanquished Creatures (collateral kills)
  An orc priest (D:4)
  A giant cockroach (D:4)
2 creatures vanquished.

Vanquished Creatures (others)
  A komodo dragon (Lair:4)
  A shadow (D:10)
  2 yaks (D:10)
  A bullfrog (Lair:4)
  4 bushes (Lair:3)
  6 foxfires
  8 fungi
  16 plants
39 creatures vanquished.

Grand Total: 176 creatures vanquished

Notes
Turn   | Place    | Note
-------+----------+-------------------------------------------
     0 | D:1      | sentinel the Meteoran Venom Mage began the quest for the
                  | Orb.
     0 | D:1      | Reached XP level 1. HP: 14/14 MP: 5/5
   150 | D:2      | Reached XP level 2. HP: 20/20 MP: 1/6
   237 | D:5      | Entered Level 5 of the Dungeon
   315 | D:4      | Reached XP level 3. HP: 18/26 MP: 4/8
   343 | D:4      | Reached skill level 5 in Poison Magic
   343 | D:4      | Reached XP level 4. HP: 21/33 MP: 0/9
   349 | D:4      | Learned a level 4 spell: Olgreb's Toxic Radiance
   360 | D:3      | Found a snail-covered altar of Cheibriados.
   365 | D:3      | Noticed Terence
   370 | D:3      | Became a worshipper of Cheibriados the Contemplative
   380 | D:3      | Killed Terence
   413 | D:4      | Learned a level 3 spell: Mephitic Cloud
   428 | D:4      | Reached XP level 5. HP: 29/38 MP: 5/10
   462 | D:5      | Identified the +6 war axe of the Flying Wasp {elec, Contam
                  | rN+ Int+4}
   491 | D:5      | Noticed a phantom
   506 | D:5      | Found a sacrificial altar of Ru.
   541 | D:4      | Noticed Robin
   544 | D:4      | Killed Robin
   591 | D:3      | Reached skill level 1 in Fighting
   591 | D:3      | Reached skill level 1 in Axes
   636 | D:4      | Found a hide-covered altar of Uskayaw.
   636 | D:4      | Found a stormy altar of Qazlal.
   636 | D:4      | Found an iron altar of Okawaru.
   706 | D:5      | Killed a phantom
   707 | D:5      | Reached XP level 6. HP: 42/48 MP: 10/12
   767 | D:6      | Noticed Eustachio
   773 | D:6      | Noticed an ogre
   782 | D:6      | Killed an ogre
   783 | D:6      | Reached skill level 2 in Axes
   786 | D:6      | Reached XP level 7. HP: 40/56 MP: 2/14
   795 | D:6      | Killed Eustachio
   796 | D:6      | Reached skill level 3 in Axes
   797 | D:6      | Reached skill level 4 in Axes
   799 | D:7      | Noticed a steam dragon
   827 | D:8      | Noticed Joseph
   841 | D:8      | Noticed a two-headed ogre
   853 | D:7      | Reached skill level 1 in Evocations
   853 | D:7      | Reached XP level 8. HP: 26/63 MP: 0/15
   860 | D:7      | Noticed a steam dragon
   869 | D:7      | Killed a steam dragon
   869 | D:7      | Reached * piety under Cheibriados
   875 | D:7      | Reached skill level 5 in Axes
   949 | D:7      | Killed an unseen horror
   950 | D:7      | Reached skill level 5 in Fighting
   950 | D:7      | Reached skill level 6 in Axes
   950 | D:7      | Gained mutation: You passively map the area around you.
                  | [Meteoran growth]
   950 | D:7      | Reached XP level 9. HP: 36/74 MP: 2/16
  1023 | D:8      | Killed Joseph
  1024 | D:8      | Reached skill level 8 in Axes
  1048 | D:9      | Reached skill level 9 in Axes
  1051 | D:9      | Reached skill level 10 in Axes
  1066 | D:10     | Entered Level 10 of the Dungeon
  1066 | D:10     | Noticed a two-headed ogre
  1076 | D:10     | Killed a two-headed ogre
  1077 | D:10     | Reached skill level 11 in Axes
  1077 | D:10     | Reached XP level 10. HP: 81/81 MP: 2/17
  1127 | D:9      | Found a bloodstained altar of Trog.
  1131 | D:9      | Reached skill level 1 in Invocations
  1131 | D:9      | Reached ** piety under Cheibriados
  1174 | D:9      | Learned a level 3 spell: Summon Guardian Golem
  1191 | D:9      | Reached skill level 1 in Hexes
  1191 | D:9      | Reached skill level 1 in Summonings
  1210 | D:9      | Noticed a cyclops
  1223 | D:9      | Reached skill level 5 in Spellcasting
  1225 | D:9      | Killed a cyclops
  1226 | D:9      | Reached skill level 12 in Axes
  1303 | D:10     | Reached XP level 11. HP: 86/89 MP: 6/19
  1387 | D:11     | Found a staircase to the Lair.
  1387 | D:11     | Noticed an oklob plant
  1387 | D:11     | Noticed an oklob plant
  1398 | Lair:1   | Entered Level 1 of the Lair of Beasts
  1398 | Lair:1   | Noticed a black mamba
  1403 | Lair:1   | Reached *** piety under Cheibriados
  1404 | Lair:1   | Reached skill level 1 in Conjurations
  1408 | Lair:1   | Killed a black mamba
  1438 | Lair:1   | Reached skill level 5 in Conjurations
  1478 | Lair:2   | Reached skill level 1 in Fire Magic
  1484 | Lair:2   | Learned a level 4 spell: Flame Wave
  1486 | Lair:2   | Learned a level 1 spell: Foxfire
  1489 | Lair:2   | Found a transporter.
  1526 | Lair:4   | Noticed Sonja
  1532 | Lair:4   | Killed Sonja
  1534 | Lair:4   | Reached **** piety under Cheibriados
  1535 | Lair:4   | Reached skill level 5 in Fire Magic
  1556 | Lair:4   | Noticed a five-headed hydra
  1565 | Lair:4   | Killed a five-headed hydra
  1568 | Lair:4   | Reached XP level 12. HP: 93/97 MP: 3/20
  1628 | Lair:5   | Entered Level 5 of the Lair of Beasts
  1636 | Lair:5   | Noticed a boulder beetle
  1637 | Lair:5   | Reached skill level 5 in Summonings
  1653 | Lair:5   | Mangled by a polar bear

Illustrated notes

Levels and vault maps discovered:
D:1:      roderic_chinese_lattice_arrival, layout_basic,
          chequers_ecumenical_altar_simple
D:2:      layout_loops_ring, uniq_natasha
D:3:      layout_basic, mainiacjoe_overflow_tiny_flanked,
          mainiacjoe_overflow_alcove_4, mainiacjoe_overflow_six_doors_small,
          corexii_shack, uniq_terence
D:4:      layout_loops_corners, tgw_kikubaaqudgha,
          gammafunk_temple_overflow_forgotten,
          lightli_ossuary_entry_decrepit_ruins, nrook_mini_vaults,
          chequers_serial_rivers_room_b, uniq_robin
D:5:      layout_basic, nicolae_ru_awakened_eye, lexackson_kobold_supper,
          uniq_edmund, uniq_duvessa
D:6:      layout_basic, serial_shops, shop, kennysheep_generic_room_9,
          uniq_eustachio
D:7:      layout_loops_corners, xom_confusion_cloud, lemuel_crystal_altar,
          minmay_temple_entry_stoned_glass, minmay_statues_item
D:8:      layout_loops_cross, uniq_joseph, uniq_grum
D:9:      layout_layer_cave, mainiacjoe_overflow_boulevard, david_orc_2
D:10:     layout_roguey
D:11:     layout_roguey, dpeg_oklobed_lair, uniq_lodul
Lair:1:   layout_hall_layers, lemuel_fruit_tree, grunt_megastairs_3
Lair:2:   layout_misc_corridors, minmay_swamp_entry_reptiles,
          gammafunk_ghost_abyssal_escape
Lair:3:   layout_loops_ring, nicolae_spider_entry_tight_spaces,
          cheibrodos_lair_reptile_den
Lair:4:   layout_loops_ring, minmay_slime_entry_jelly_boxes,
          nzn_masters_of_martial_movement, grunt_megastairs_5,
          serial_bayou_shore_b, serial_bayou_shore_a, uniq_sonja
Lair:5:   gammafunk_lair_ancient_temple, layout_gridlike,
          gammafunk_ghost_berserking_beasts, infiniplex_staircase_pool

Skill      XL: |  1  2  3  4  5  6  7  8  9 10 11 12 |
---------------+-------------------------------------+-----
Poison Magic   | 4 5 6 7 |  7.5
Fighting       | 1 2 3 5 6 |  6.4
Axes           | 1 2 4 6 11 12 | 12.3
Spellcasting   | 3 4 5 |  5.0
Evocations     | 1 3 |  3.0
Invocations    | 3 4 |  4.8
Dodging        | 4 |  4.9
Hexes          | 3 |  3.0
Summonings     | 3 7 |  7.0
Conjurations   | 8 9 |  9.5
Fire Magic     | 5 6 |  6.2
Short Blades   | |  0.1
Stealth        | |  1.4
Transmutations | |  1.2

Action                   |  1- 3 |  4- 6 |  7- 9 | 10-12 || total
-------------------------+-------+-------+-------+-------++-------
Melee: Dagger            |     2 |    13 |       |       ||    15
       War axe           |       |    13 |    24 |    44 ||    81
Throw: Dart              |       |       |       |     5 ||     5
 Cast: Sting             |    34 |    14 |     5 |       ||    53
       Olgreb's Toxic Ra |       |    13 |    15 |    33 ||    61
       Mephitic Cloud    |       |     2 |     8 |     6 ||    16
       Summon Guardian G |       |       |       |     8 ||     8
       Flame Wave        |       |       |       |     5 ||     5
       Foxfire           |       |       |       |     4 ||     4
Invok: Slouch            |       |       |       |     2 ||     2
       Temporal Distorti |       |       |       |     1 ||     1
Evoke: Wand              |     1 |       |    11 |     3 ||    15
  Use: Scroll            |     2 |       |     2 |     3 ||     7
       Potion            |       |     2 |     5 |     1 ||     8
 Stab: Confused          |       |       |     1 |     1 ||     2
Armor: Robe              |     1 |    21 |    29 |    45 ||    96
Dodge: Dodged            |    13 |    22 |    31 |   108 ||   174
